 Dungeon Crawl Stone Soup version 0.25.1-2-g60ff931df9 (webtiles) character file.

Game seed: 17458269474680861295

92 Chiseanne the Magician (level 4, -6/30 HPs)
             Began as a Demonspawn Wizard on Oct 8, 2020.
             Mangled by a hornet (12 damage)
             ... on level 3 of the Dungeon.
             The game lasted 00:04:26 (3253 turns).

Chiseanne the Magician (Demonspawn Wizard)          Turns: 3253, Time: 00:04:26

Health: -6/30      AC:  4    Str:  8    XL:     4   Next: 35%
Magic:  4/9        EV: 11    Int: 20    God:
Gold:   116        SH:  5    Dex: 11    Spells: 4/10 levels left

rFire    . . .     SeeInvis .   h - +0 short sword
rCold    . . .     Gourm    .   n - +2 buckler
rNeg     . . .     Faith    .   a - +0 robe
rPois    .         Spirit   .   b - +0 hat
rElec    .         Reflect  .   (no cloak)
rCorr    .         Harm     .   (no gloves)
MR       .....                  (no boots)
Stlth    ++........             (no amulet)
HPRegen  0.10/turn              (no ring)
MPRegen  0.11/turn              (no ring)

@: lethally poisoned (-6 -> -13), slowed, very slow
A: yellow scales 1, powered by death 1
a: no special abilities


You were on level 3 of the Dungeon.
You were hungry.

You visited 1 branch of the dungeon, and saw 3 of its levels.

You collected 116 gold pieces.

Inventory:

Hand Weapons
 h - a +0 short sword (weapon)
Missiles
 f - 62 stones
 i - 8 javelins (quivered)
 k - 48 arrows
 l - 9 poisoned darts
Armour
 a - a +0 robe (worn)
 b - a +0 hat (worn)
 n - a +2 buckler (worn)
Jewellery
 o - an uncursed ring of see invisible {unknown}
 p - a cursed amulet of inaccuracy {unknown}
Scrolls
 c - a scroll of random uselessness
 e - 3 scrolls of identify {unknown}
 g - a scroll of noise {unknown}
 m - a scroll of remove curse {unknown}
 q - a scroll of teleportation {unknown}
Potions
 j - a potion of haste {unknown}
 r - a potion of curing
Comestibles
 d - 6 rations


   Skills:
 - Level 1.7 Dodging
 - Level 1.7 Stealth
 * Level 1.1 Shields
 * Level 3.9 Spellcasting
 * Level 2.8 Conjurations
   Level 1.0 Summonings
 - Level 0.8 Translocations


You had 4 spell levels left.
You knew the following spells:

 Your Spells              Type           Power        Failure   Level  Hunger
a - Magic Dart            Conj           ###.         6%          1    None
b - Blink                 Tloc           N/A          19%         2    ##.....
c - Mephitic Cloud        Conj/Pois/Air  #.......     36%         3    ###....

Your spell library contained the following spells:

 Spells                   Type           Power        Failure   Level  Hunger
 Call Imp                 Summ           #.......     19%         2    ##.....
 Slow                     Hex            #.......     28%         2    ##.....
 Conjure Flame            Conj/Fire      #.......     30%         3    ###....


Dungeon Overview and Level Annotations

Branches:
Dungeon (3/15)

Altars:
Fedhas
Qazlal
Uskayaw
The Shining One


Innate Abilities, Weirdness & Mutations

You are partially covered in yellow scales. (AC +2)
You regenerate a little health from kills.


Message History

Press: ? - help, Shift-Dir - straight line, f/p - hornet
Aim: a hornet (lightly wounded)
The magic dart hits the hornet but does no damage.
The hornet is lightly wounded.
You feel yourself speed up.
You feel sick. The hornet stings you.
* * * LOW HITPOINT WARNING * * *
You feel yourself slow down. The hornet closely misses you.
A rat comes into view.
Casting: Magic Dart (safe; 6% risk of failure)
Confirm with . or Enter, or press ? or * to list all spells.
Aiming: Magic Dart (safe; 6% risk of failure)
Press: ? - help, Shift-Dir - straight line, f/p - hornet
Aim: a hornet (lightly wounded)
The magic dart hits the hornet but does no damage.
The hornet is lightly wounded.
* * * LOW HITPOINT WARNING * * *
You feel sick. The hornet completely misses you. The hornet barely misses you.
The hornet stings you!
You die...

.# .# .# ##+# .## ## ...
.. .. #.# .#.##(#
#######.#########.r.....
...............@y.......
######.#########.#.##..
#.# .# #.# .# ########.#
.# .........# .#
########## .# .#


You could see a hornet and a rat.

Vanquished Creatures
  A crimson imp (D:2)
  2 adders (D:2)
  5 leopard geckos
  3 giant cockroaches
  4 goblins
  3 hobgoblins
  A quokka (D:3)
  5 bats
  3 frilled lizards
  7 kobolds
  5 rats
  2 plants (D:1)
41 creatures vanquished.

Notes
Turn   | Place    | Note
-------+----------+-------------------------------------------
     0 | D:1      | Chiseanne the Demonspawn Wizard began the quest for the
                  | Orb.
     0 | D:1      | Reached XP level 1. HP: 13/13 MP: 4/4
   573 | D:1      | Gained mutation: You are partially covered in yellow
                  | scales. (AC +2) [demonic ancestry]
   573 | D:1      | Reached XP level 2. HP: 11/19 MP: 0/6
  1936 | D:2      | Found a faded altar of an unknown god.
  2014 | D:2      | Reached XP level 3. HP: 24/24 MP: 5/8
  2053 | D:2      | Noticed a hungry ghost
  2086 | D:1      | Learned a level 2 spell: Blink
  2090 | D:1      | Learned a level 3 spell: Mephitic Cloud
  2349 | D:2      | Found a hide-covered altar of Uskayaw.
  2694 | D:2      | Reached skill level 1 in Shields
  2694 | D:2      | Gained mutation: You regenerate a little health from kills.
                  | [demonic ancestry]
  2694 | D:2      | Reached XP level 4. HP: 30/30 MP: 3/9
  2788 | D:2      | Found a stormy altar of Qazlal.
  2790 | D:2      | Found a blossoming altar of Fedhas.
  2876 | D:2      | Found a glowing golden altar of the Shining One.
  3246 | D:3      | Noticed a hornet
  3253 | D:3      | Mangled by a hornet

Illustrated notes

Levels and vault maps discovered:
D:1:      lemuel_arrival_muddy, layout_basic, serial_bayou_lagoon_a
D:2:      layout_loops_ring, grunt_temple_overflow_forces_of_nature,
          eat_drink_and_be_merry_uskayaw, tso_oasis_becter,
          chequers_ecumenical_altar_simple
D:3:      layout_basic, nicolae_overflow_hidden_temple, uniq_jessica,
          uniq_sigmund, uniq_natasha

Skill      XL: |  1  2  3 |
---------------+----------+-----
Conjurations   | 2 |  2.8
Shields        | 1 |  1.1
Dodging        | |  1.7
Stealth        | |  1.7
Spellcasting   | |  3.9
Summonings     | |  1.0
Translocations | |  0.8

Action                   |  1- 3 |  4- 6 || total
-------------------------+-------+-------++-------
Melee: Club              |    12 |       ||    12
       Short sword       |   236 |     3 ||   239
Throw: Javelin           |     8 |       ||     8
       Stone             |     3 |       ||     3
 Cast: Magic Dart        |    97 |    21 ||   118
       Blink             |     1 |       ||     1
  Use: Potion            |     3 |       ||     3
       Scroll            |     1 |       ||     1
 Stab: Sleeping          |     1 |       ||     1
  Eat: Chunk             |     6 |     2 ||     8
Armor: Robe              |    25 |       ||    25
       Skin              |    11 |       ||    11
Dodge: Dodged            |    47 |     9 ||    56
Block: Buckler           |     9 |     4 ||    13
